 Dungeon Crawl Stone Soup version 0.30.0-29-ga12c61a403 (webtiles) character file.

Game seed: 11466547572318960061

14873 TrilBe the Jinx (level 11, -8/84 HPs)
             Began as a Purple Draconian Conjurer on June 12, 2023.
             Was an Elder of Sif Muna.
             Mangled by a komodo dragon (10 damage)
             ... on level 2 of the Lair of Beasts.
             The game lasted 00:52:17 (16756 turns).

TrilBe the Jinx (Purple Draconian Conjurer)        Turns: 16756, Time: 00:52:18

Health: -8/84      AC: 14    Str: 14    XL:     11   Next: 94%
Magic:  16/32      EV: 15    Int: 23    God:    Sif Muna [****..]
Gold:   611        SH:  0    Dex: 18    Spells: 14/27 levels left

rFire   + . .        a - staff of conjuration
rCold   . . .        (no shield)
rNeg    . . .        (body armour unavailable)
rPois   .            (helmet restricted)
rElec   .            M - +2 cloak
rCorr   .            P - +2 pair of gloves "Quhair" {Str+4}
SInv    .            y - +0 pair of boots
Will    +....        (no amulet)
Stlth   +++          i - +6 ring of dexterity
HPRegen 0.34/turn    w - ring of Romowe {rF+ MP+9 Dex+3 Slay+3}
MPRegen 0.23/turn

%: no passive effects
@: no status effects
A: breathe power, AC +7, unfitting armour, cold-blooded
a: Breathe Dispelling Energy, Renounce Religion, Channel Magic, Forget Spell,
Divine Exegesis


You were on level 2 of the Lair of Beasts.
You worshipped Sif Muna.
Sif Muna was greatly pleased with you.
You visited 3 branches of the dungeon, and saw 14 of its levels.
You also visited: Volcano.

You collected 736 gold pieces.
You spent 125 gold pieces at shops.

Inventory:

Missiles
 F - a throwing net
Armour
 t - an orb of energy
 y - a +0 pair of boots (worn)
 J - a +0 buckler
 M - a +2 cloak (worn)
 P - the +2 pair of gloves "Quhair" (worn) {Str+4}
   (You found it in a volcano)

   Str:       It affects your strength (+4).
Magical Staves
 a - a staff of conjuration (weapon)
 b - a staff of air
Jewellery
 i - a +6 ring of dexterity (left hand)
 w - the ring of Romowe (right hand) {rF+ MP+9 Dex+3 Slay+3}
   (You found it on level 6 of the Dungeon)

   [ring of magical power]

   Dex:       It affects your dexterity (+3).
   Slay:      It affects your accuracy & damage with ranged weapons and melee
   (+3).
   rF:        It protects you from fire.
   MP:        It affects your magic capacity (+9).
Wands
 p - a wand of digging (6)
 x - a wand of paralysis (3)
 D - a wand of flame (37)
 H - a wand of quicksilver (7)
 N - a wand of iceblast (5)
Scrolls
 c - 4 scrolls of fog
 e - 6 scrolls of teleportation
 f - 3 scrolls of silence
 h - 4 scrolls of poison
 j - 2 scrolls of amnesia {unknown}
 l - a scroll of enchant armour {unknown}
 o - 4 scrolls of magic mapping
 q - 3 scrolls of vulnerability
 r - 3 scrolls of identify
 s - 4 scrolls of immolation
 u - 2 scrolls of acquirement {unknown}
 C - 2 scrolls of enchant weapon {unknown}
 I - 2 scrolls of summoning {unknown}
 L - a scroll of blinking {unknown}
Potions
 d - 4 potions of lignification
 g - a potion of mutation {unknown}
 k - 5 potions of attraction
 m - 2 potions of might
 n - 3 potions of heal wounds {unknown}
 v - a potion of cancellation {unknown}
 z - a potion of berserk rage {unknown}
 A - 4 potions of flight
 B - 2 potions of brilliance {unknown}
 E - a potion of degeneration {unknown}
 G - 3 potions of magic
 K - 2 potions of curing
 O - a potion of resistance {unknown}


   Skills:
 + Level 4.1 Fighting
 + Level 6.3 Dodging
 - Level 6.0 Stealth
 + Level 3.5 Shields
 + Level 8.6 Spellcasting
 + Level 8.1 Conjurations
 + Level 8.8 Hexes
 + Level 0.4 Summonings
 + Level 4.1 Ice Magic
 - Level 3.4 Air Magic
 + Level 6.8 Invocations
 + Level 6.2 Evocations


You had 14 spell levels left.
You knew the following spells:

 Your Spells              Type           Power      Damage    Failure   Level
a - Magic Dart            Conj           100%       1d8       1%          1
b - Searing Ray           Conj           100%       2d8       1%          2
c - Dazzling Flash        Conj/Hex       100%       N/A       1%          3
d - Fulminant Prism       Conj/Hex       32%        3d16      1%          4
e - Ozocubu's Armour      Ice            28%        N/A       3%          3

Your spell library contained the following spells:

 Spells                   Type           Power      Damage    Failure   Level
 Beastly Appendage        Tmut           18%        N/A       7%          1
 Wereblood                Tmut           9%         N/A       10%         2
 Iskenderun's Mystic Bla  Conj/Tloc      42%        2d10      12%         4
 Metabolic Englaciation   Hex/Ice        19%        N/A       13%         5
 Gell's Gravitas          Tloc           9%         N/A       21%         3
 Spider Form              Tmut/Pois      9%         N/A       21%         3
 Teleport Other           Tloc           9%         N/A       21%         3
 Summon Ice Beast         Ice/Summ       20%        N/A       26%         4
 Summon Mana Viper        Hex/Summ       31%        N/A       26%         5
 Simulacrum               Ice/Necr       9%         N/A       99%         6
 Dispersal                Tloc           4%         N/A       100%        6
 Monstrous Menagerie      Summ           5%         N/A       100%        7


Dungeon Overview and Level Annotations

Branches:
Dungeon (11/15)            Temple (1/1) D:7            Lair (2/5) D:10
    Orc (0/2) D:9         Volcano (visited)
  Swamp: Lair:2-3    Shoals: Lair:2-3     Snake: Lair:2-3    Spider: Lair:2-3

Altars:
Ashenzari
Cheibriados
Dithmenos
Elyvilon
Fedhas
Gozag
Hepliaklqana
Kikubaaqudgha
Makhleb
Nemelex Xobeh
Okawaru
Qazlal
Ru
Sif Muna
Trog
Uskayaw
Vehumet
Wu Jian
Xom
Yredelemnul
Zin
The Shining One

Shops:
D:8 ?


Innate Abilities, Weirdness & Mutations

You can breathe bolts of dispelling energy.
Your rich purple scales are hard. (AC +7)
You cannot fit into any form of body armour.
You are cold-blooded and may be slowed by cold attacks.


Message History

You feel a surge of power!
The searing ray hits the water moccasin.
The water moccasin is almost dead.
The searing ray hits the komodo dragon!
The komodo dragon is moderately wounded. (Press . to maintain the ray.)
The water moccasin misses you.
The water moccasin bites you but does no damage.
The searing ray hits the water moccasin.
You kill the water moccasin!
Sif Muna accepts your kill.
The searing ray hits the komodo dragon but does no damage.
The komodo dragon is moderately wounded.
The searing ray hits the water moccasin!
The water moccasin is moderately wounded.
Your magical contamination has completely faded away.
The searing ray hits the komodo dragon!
The komodo dragon is severely wounded.
The searing ray hits the water moccasin.
The water moccasin is heavily wounded.
The komodo dragon bites you!
* * * LOW HITPOINT WARNING * * *
The searing ray hits the komodo dragon.
The komodo dragon is almost dead.
The searing ray misses the water moccasin.
You finish channelling your searing ray.
The komodo dragon bites you!!
* * * LOW HITPOINT WARNING * * *
Okay, then.
Aiming: Paralyse
Press: ? - help, Shift-Dir - straight line, f - komodo dragon
Aim: a komodo dragon (almost dead, chance to affect: 47%)
The komodo dragon resists with some effort.
The komodo dragon barely misses you.
Aiming: Paralyse
Press: ? - help, Shift-Dir - straight line, f/p - komodo dragon
Aim: a komodo dragon (almost dead, chance to affect: 47%)
The komodo dragon resists with some effort.
The komodo dragon bites you!
You die...

.. ##....FS.
... #.....♣
....##...#
.....P†..#
......†..#
.)..###..# ...
#YS# . ##l#
#.@# ##.# ##.#
##..# ##...#
##....#
####.....# ..
#.#>.#.......
...
###..#......P#


You could see a komodo dragon, a yak and a water moccasin.

Vanquished Creatures
  A fire dragon (Volcano)
  Erolcha (D:10)
  A catoblepas (Lair:1)
  4 lindwurms (Volcano)
  3 black mambas (Lair:1)
  Maurice (D:10)
  3 cane toads
  A smoke demon (Volcano)
  A komodo dragon (Lair:1)
  A kobold demonologist (D:10)
  An unseen horror (D:9)
  A troll (D:9)
  7 yaks
  2 wyverns
  A wraith (D:10)
  5 steam dragons
  2 acid dragons
  3 water moccasins
  4 hell hounds (Volcano)
  8 orc warriors
  4 black bears
  A sky beast (D:7)
  3 ice beasts
  3 ogres (D:9)
  5 centaurs
  The ghost of topfpfpflanze the Sneak, an amateur OpFE (D:4)
  5 kobold brigands
  4 bullfrogs
  2 scorpions
  3 gnoll sergeants
  17 killer bees
  A howler monkey (D:3)
  A jelly (D:4)
  7 orc priests
  A sleepcap (D:8)
  5 hounds
  2 iguanas
  4 orc wizards
  9 gnolls
  10 adders
  6 shadow imps
  2 white imps
  An ufetubus (D:5)
  3 dart slugs
  33 orcs
  9 endoplasms
  3 giant cockroaches
  12 hobgoblins
  4 jackals (D:1)
  2 quokkas (D:1)
  7 ball pythons
  5 bats
  3 frilled lizards
  5 goblins
  11 kobolds
  6 rats
251 creatures vanquished.

Vanquished Creatures (others)
  An orc wizard (D:9)
  50 fulminant prisms
51 creatures vanquished.

Grand Total: 302 creatures vanquished

Notes
Turn   | Place    | Note
-------+----------+-------------------------------------------
     0 | D:1      | TrilBe the Draconian Conjurer began the quest for the Orb.
     0 | D:1      | Reached XP level 1. HP: 14/14 MP: 3/3
   289 | D:1      | Reached XP level 2. HP: 19/20 MP: 0/5
  1166 | D:2      | Found an iron altar of Okawaru.
  1186 | D:2      | Reached skill level 1 in Fighting
  1186 | D:2      | Reached XP level 3. HP: 22/28 MP: 1/6
  1596 | D:2      | Identified the +8 hand axe of Hard Scrabble {elec, rN+
                  | Will+ Int+3 SInv}
  2135 | D:2      | Learned a level 2 spell: Searing Ray
  2334 | D:2      | Identified the +6 long sword of Agony {flame, rN+ rCorr}
  2524 | D:2      | Reached XP level 4. HP: 35/35 MP: 5/8
  2767 | D:3      | Reached skill level 1 in Hexes
  2978 | D:3      | Found a faded altar of an unknown god.
  3051 | D:3      | Prayed at the altar of an unknown god.
  3051 | D:3      | Became a worshipper of Sif Muna the Loreminder
  3051 | D:3      | Reached * piety under Sif Muna
  3370 | D:3      | Reached XP level 5. HP: 25/40 MP: 2/9
  3964 | D:4      | Reached skill level 1 in Invocations
  4133 | D:4      | Reached ** piety under Sif Muna
  4527 | D:4      | Found a runed translucent gate.
  4528 | D:4      | Found a runed translucent gate.
  4529 | D:4      | Found a runed translucent gate.
  4533 | D:4      | Noticed topfpfpflanze's ghost (amateur OpFE)
  4673 | D:4      | Found a hazy altar of Hepliaklqana.
  4673 | D:4      | Found a broken altar of Ashenzari.
  4740 | D:4      | Reached XP level 6. HP: 47/47 MP: 7/11
  5036 | D:5      | Entered Level 5 of the Dungeon
  5377 | D:5      | Noticed an ice beast
  5386 | D:5      | Killed an ice beast
  5387 | D:5      | Your scales start taking on a rich purple colour.
  5387 | D:5      | Reached skill level 5 in Spellcasting
  5387 | D:5      | Reached XP level 7. HP: 38/55 MP: 10/14
  5779 | D:5      | Reached skill level 1 in Evocations
  6078 | D:4      | Killed topfpfpflanze's ghost
  6660 | D:6      | Reached XP level 8. HP: 60/61 MP: 9/17
  6860 | D:6      | Identified the ring of Romowe {rF+ MP+9 Dex+3 Slay+3}
  6943 | D:6      | Learned a level 3 spell: Dazzling Flash
  7188 | D:5      | Reached skill level 1 in Air Magic
  8579 | D:7      | Found a staircase to the Ecumenical Temple.
  8593 | D:7      | Reached skill level 5 in Hexes
  8593 | D:7      | Reached XP level 9. HP: 47/69 MP: 13/18
  8597 | Temple   | Entered the Ecumenical Temple
  9391 | D:8      | Found Fueg's Magic Scroll Boutique.
  9412 | D:8      | Reached skill level 5 in Conjurations
  9550 | D:8      | Reached *** piety under Sif Muna
 10195 | D:8      | Identified the +6 hand axe "Leviticus" {spect, rF++ rC-}
 10431 | D:8      | Reached skill level 5 in Stealth
 10829 | D:8      | Bought a scroll of identify for 20 gold pieces
 10829 | D:8      | Bought a scroll of noise for 10 gold pieces
 10838 | D:8      | Bought a scroll of magic mapping for 75 gold pieces
 10838 | D:8      | Bought a scroll of identify for 20 gold pieces
 11107 | D:9      | Found a staircase to the Orcish Mines.
 11107 | D:9      | Noticed a troll
 11127 | D:9      | HP: 1/69 [orc warrior/+0 scimitar (18)]
 11603 | D:9      | Killed a troll
 11604 | D:9      | Reached skill level 5 in Invocations
 11604 | D:9      | Reached XP level 10. HP: 77/77 MP: 20/20
 11896 | D:9      | Reached skill level 5 in Dodging
 12942 | D:10     | Entered Level 10 of the Dungeon
 13043 | D:10     | Found a white marble altar of Elyvilon.
 13276 | D:10     | Reached **** piety under Sif Muna
 13383 | D:10     | Found a staircase to the Lair.
 13561 | D:10     | Reached skill level 1 in Shields
 13708 | D:10     | Noticed Maurice
 13715 | D:10     | Learned a level 4 spell: Fulminant Prism
 13722 | D:10     | Killed Maurice
 13723 | D:10     | Reached skill level 5 in Evocations
 13785 | D:10     | Noticed Erolcha
 13803 | D:10     | Killed Erolcha
 14195 | Lair:1   | Entered Level 1 of the Lair of Beasts
 14195 | Lair:1   | Noticed a black mamba
 14202 | Lair:1   | Killed a black mamba
 14203 | Lair:1   | Reached XP level 11. HP: 56/84 MP: 20/22
 14573 | Lair:1   | Found a dark tunnel.
 14578 | Volcano  | Entered a volcano
 14731 | Volcano  | Noticed a lindwurm
 14823 | Volcano  | Reached skill level 1 in Ice Magic
 14927 | Volcano  | Killed a lindwurm
 15072 | Volcano  | Noticed a lindwurm
 15104 | Volcano  | Killed a lindwurm
 15168 | Volcano  | Noticed a lindwurm
 15191 | Volcano  | Killed a lindwurm
 15252 | Volcano  | Noticed a lindwurm
 15343 | Volcano  | Killed a lindwurm
 15460 | Volcano  | Noticed a fire dragon
 15517 | Volcano  | Killed a fire dragon
 15541 | Volcano  | Identified the +2 pair of gloves "Quhair" {Str+4}
 16005 | Lair:1   | Noticed a catoblepas
 16015 | Lair:1   | Killed a catoblepas
 16606 | Lair:1   | Learned a level 3 spell: Ozocubu's Armour
 16754 | Lair:2   | HP: 1/84 [komodo dragon (18)]
 16756 | Lair:2   | Mangled by a komodo dragon

Illustrated notes

Levels and vault maps discovered:
D:1:      heliophobic_arrival_dark_side_of_the_moon, layout_basic,
          minmay_crystal_water
D:2:      layout_basic, basic_altar, serial_co_window_serial,
          co_window_corner_a, co_window_of_opportunity_a, co_window_corner_a,
          co_window_corner_a, co_window_paths_b, co_window_of_opportunity_b,
          co_window_broadway_c, co_window_unsneaky_path_b, co_window_2corner,
          co_window_corner_b, co_window_sun, co_window_4corner_b,
          glass_columns_a, glass_columns_a
D:3:      layout_basic, shapermc_ecumenical_altar_flowoftime
D:4:      layout_basic, mainiacjoe_overflow_divided_tiny,
          ebering_ghost_rock_garden
D:5:      layout_cave_pools
D:6:      layout_rooms
D:7:      layout_basic, minmay_temple_entry_crystal_x, mrwooster_statue_mirror
D:8:      layout_loops_ring, serial_shops, nicolae_inconvenience_store,
          sigmund_army
D:9:      layout_loops_ring, kennysheep_orc_monster_closet_entryway
D:10:     layout_irregular_city, elyvilon_altar_1, lair_entry_dummy,
          uniq_maurice, uniq_erolcha
D:11:     minmay_statue_hallways, layout_loops_ring, biasface_ghost_orc_armoury
Temple:   hellmonk_temple_of_storms
Lair:1:   layout_chaotic_city, enter_volcano_4
Lair:2:   nzn_winding_woodlands_medium [nzn_winding_woodlands_5x5_default,
          nzn_winding_woodlands_5x15_eye, nzn_winding_woodlands_5x5_perimeter,
          nzn_winding_woodlands_5x5_cross,
          nzn_winding_woodlands_center_triple_pond,
          nzn_winding_woodlands_5x5_checkerboard,
          nzn_winding_woodlands_5x5_default,
          nzn_winding_woodlands_5x15_longhouse,
          nzn_winding_woodlands_5x5_three], layout_cave_pods

Skill      XL: |  1  2  3  4  5  6  7  8  9 10 11 |
---------------+----------------------------------+-----
Stealth        | 2 3 4 5 6 |  6.0
Dodging        | 2 3 4 5 6 |  6.3
Fighting       | 1 2 3 4 |  4.1
Spellcasting   | 3 5 6 7 8 |  8.6
Hexes          | 1 2 3 5 6 7 8 |  8.8
Invocations    | 1 2 3 4 5 6 |  6.8
Evocations     | 1 3 4 5 6 |  6.2
Air Magic      | 2 3 |  3.4
Conjurations   | 6 7 8 |  8.1
Shields        | 1 3 |  3.5
Ice Magic      | 4 |  4.1
Summonings     | |  0.4

Action                     |  1- 3 |  4- 6 |  7- 9 | 10-12 || total
---------------------------+-------+-------+-------+-------++-------
  Melee: Staff             |    43 |    58 |    36 |    38 ||   175
         Tailslap          |     7 |     9 |     5 |    10 ||    31
         Punch             |       |     3 |       |       ||     3
   Cast: Magic Dart        |    77 |   109 |    99 |    72 ||   357
         Searing Ray       |       |     8 |    72 |    65 ||   145
         Dazzling Flash    |       |       |    13 |     2 ||    15
         Fulminant Prism   |       |       |       |    50 ||    50
Ability: Breathe Dispellin |       |       |     3 |       ||     3
  Evoke: Wand              |       |       |     2 |     2 ||     4
    Use: Potion            |       |       |     4 |     2 ||     6
         Scroll            |       |       |    11 |       ||    11
   Stab: Sleeping          |       |       |     1 |       ||     1
 Armour: Skin              |    25 |    27 |    74 |    61 ||   187
  Dodge: Dodged            |    58 |    50 |   199 |   120 ||   427
